 Dungeon Crawl Stone Soup version 0.17-a0-528-gc205fd0 (webtiles) character file.

314572 BluebellGnoll the Imperceptible (level 20, -14/109 HPs)
             Began as a Spriggan Assassin on Apr 10, 2015.
             Was the Champion of Okawaru.
             Demolished by Mennas
             ... wielding a +5 eudemon blade of holy wrath
              (23 damage)
             ... on level 3 of the Vaults on Apr 12, 2015.
             The game lasted 07:34:19 (61709 turns).

BluebellGnoll the Imperceptible (SpAs)             Turns: 61709, Time: 07:34:19

Health: -14/109    AC:  5    Str: 12      XL:     20   Next: 49%
Magic:  34/34      EV: 51    Int: 17 (19) God:    Okawaru [******]
Gold:   1608       SH: 11    Dex: 33      Spells: 5 memorised, 22 levels left

rFire  + + .     SeeInvis +     z - +8 quick blade "Houhef" {elec, Dex+2}
rCold  + . .     Clarity  +     c - +1 robe {rC+}
rNeg   . . .     SustAb   .     G - +1 buckler {rF+}
rPois  +         Gourm    .     W - +1 hat
rElec  .         Spirit   .     E - +0 cloak {rPois}
rCorr  .         Warding  .     (gloves unavailable)
rMut   .         Stasis   .     (boots unavailable)
MR     +++..                    i - amulet of regeneration
Stlth  ++++++....               y - +6 ring of dexterity
                                o - ring of protection from fire

@: mighty, agile, exhausted, heroism, very slightly contaminated, slowed,
glowing, silenced, repel missiles, quick, extremely resistant to hostile
enchantments, very stealthy
A: unfitting armour, see invisible, clarity, herbivore 3, speed 3, slow
metabolism 2
a: Renounce Religion
}: 2/15 runes: barnacled, gossamer


You were on level 3 of the Vaults.
You worshipped Okawaru.
Okawaru was exalted by your worship.
You were not hungry.

You visited 8 branches of the dungeon, and saw 42 of its levels.
You also visited: Labyrinth, Bailey and Ice Cave.

You collected 4332 gold pieces.
You spent 2724 gold pieces at shops.

Inventory:

Hand weapons
 b - a +0 blowgun
 z - the +8 quick blade "Houhef" (weapon) {elec, Dex+2}
   (Okawaru gifted it to you on level 3 of the Lair of Beasts)

   Occasionally, upon striking a foe, it will discharge some electrical energy
   and cause terrible harm.
   It affects your dexterity (+2).
 M - the +2 dagger of Rucearif {pierce, rF++ Int+6 Stlth+}
   (Okawaru gifted it to you on level 4 of the Orcish Mines)

   It inflicts extra damage upon your enemies.
   It affects your intelligence (+6).
   It greatly protects you from fire.
   It makes you more stealthy.
Missiles
 e - 88 tomahawks (quivered)
 f - 15 throwing nets
 n - 8 needles of frenzy
 v - 10 needles of slowing
Armour
 c - a +1 robe of cold resistance (worn)
 E - a +0 cloak of poison resistance (worn)
 G - a +1 buckler of fire resistance (worn)
 W - a +1 hat (worn)
Rods
 D - a +3 lightning rod (10/10)
   (You found it on level 8 of the Lair of Beasts)
Jewellery
 i - an amulet of regeneration (around neck)
 o - a ring of protection from fire (left hand)
 u - an uncursed ring of positive energy
 y - a +6 ring of dexterity (right hand)
 B - an uncursed ring of protection from cold
 H - an uncursed ring of flight
 K - an uncursed amulet of rage
Magical devices
 d - a wand of fireball (7)
 j - a wand of teleportation (5)
 k - a wand of invisibility (7)
 q - a wand of enslavement (7)
 w - a wand of fire (5)
 I - a wand of cold (6)
 J - a wand of invisibility (6)
 L - a wand of hasting (4)
 P - a wand of paralysis (8)
 Q - a wand of disintegration (12)
 Y - a wand of confusion (28)
Scrolls
 a - 7 scrolls of identify
 h - 16 scrolls of teleportation
 l - a scroll of silence
 m - 4 scrolls of fear
 t - 9 scrolls of fog
 F - 2 scrolls of recharging
 O - 8 scrolls of magic mapping
 T - 21 scrolls of remove curse
 V - 2 scrolls of blinking
 X - 4 scrolls of immolation
Potions
 p - 14 potions of curing
 s - a potion of resistance
 x - a potion of heal wounds
 C - a potion of haste
 R - 7 potions of cancellation
Miscellaneous
 A - a fan of gales
 N - a sack of spiders
 U - a phial of floods (inert)
Comestibles
 g - 17 bread rations


   Skills:
 - Level 13.2(18.2) Fighting
 + Level 17.7(22.7) Short Blades
 - Level 13.3(18.3) Throwing
 - Level 20.0(25.0) Dodging
 - Level 21.8(26.8) Stealth
 - Level 9.2 Spellcasting
 * Level 16.5 Hexes
 - Level 10.3 Charms
 - Level 8.1 Evocations


You had 22 spell levels left.
You knew the following spells:

 Your Spells              Type           Power        Failure   Level  Hunger
a - Regeneration          Chrm/Necr      ####......   4%          3    None
b - Shroud of Golubria    Chrm/Tloc      ####......   1%          2    None
e - Spectral Weapon       Hex/Chrm       ######..     1%          3    None
r - Repel Missiles        Chrm/Air       ####..       1%          2    None
s - Silence               Hex/Air        #####.....   12%         5    #####..


Dungeon Overview and Level Annotations

Branches:
Dungeon (15/15)            Temple (1/1) D:7            Lair (8/8) D:11
 Shoals (5/5) Lair:3       Spider (5/5) Lair:4        Slime (0/6) Lair:6
    Orc (4/4) D:9             Elf (0/3) Orc:3        Vaults (3/5) D:14
  Crypt (0/3) Vaults:2     Depths (1/5) D:15

Altars:
Ashenzari
Cheibriados
Dithmenos
Elyvilon
Fedhas
Gozag
Kikubaaqudgha
Makhleb
Nemelex Xobeh
Okawaru
Qazlal
Ru
Sif Muna
Trog
Vehumet
Xom
Yredelemnul
Zin
The Shining One
Beogh

Shops:
D:13 *   Orc:2 *   Orc:3 ?   Orc:4 ?=(*[   Shoals:3 (   Shoals:4 ?   Vaults:1 ?
Vaults:2 *

Portals:
Ziggurat: Depths:1

Annotations:
D:4 haldagan's ghost, experienced HEFi
D:8 unfinished, ThorGoll's ghost, experienced OpFE
Lair:2 hornqvist's ghost, experienced TrFi
Vaults:3 Mennas


Innate Abilities, Weirdness & Mutations

You are tiny and cannot use many weapons and most armour.
You have supernaturally acute eyesight.
You are a herbivore.
You cover ground extremely quickly.
You need consume almost no food.
You possess an exceptional clarity of mind.


Message History

Mennas gestures frantically.
Mennas's surroundings become eerily quiet.
Put on which piece of jewellery? (? for menu, Esc to quit)
You remove your amulet of rage.
i - an amulet of regeneration (around neck) Evoke which item? (* to show all) (? for menu, Esc to quit)
Okay, then.
Evoke which item? (* to show all) (? for menu, Esc to quit)
Aim the phial where?
Press: ? - help, Shift-Dir - straight line, f - Mennas
Aim: Mennas, wielding an eudemon blade of holy wrath and wearing a runed large shield (silenced, severely wounded, radiating silence, haloed) Mennas blocks the flood of elemental water.
The wave splashes down.
You fall into the shallow water.
Moving in this stuff is going to be slow.
The water rises up and takes form.
You block Mennas's attack. Mennas completely misses you.
Unknown command.
Mennas is caught in a moment of prayer.
Mennas hits you with an eudemon blade of holy wrath!!
You die...

#..'............#
#..#(...........#
...!.#............#
#.....#..A§........#
+.....#............#
#.....#........≈≈..#
.....########'#####
....# #.≈≈≈E≈..# .
#@A≈≈≈...#
#........#
#..†.....#
#........#
#........#
##########


You could see Mennas and a friendly water elemental.

Vanquished Creatures
  Rupert (D:15)
  The ghost of oplop the Unseen, a mighty KoAs of Trog (Spider:4)
  A kraken (Shoals:4)
  Gastronok (Lair:3)
  3 ancient champions (Vaults:2)
  An octopode crusher (Shoals:3)
  Frances (D:14)
  Kirke (Spider:4)
  Ilsuiw (Shoals:5)
  Maud (D:10)
  2 frost giants
  An orc warlord (Orc:4)
  8 ghost moths
  7 vault wardens
  8 emperor scorpions
  6 ironheart preservers
  3 stone giants (Vaults:2)
  6 very ugly things
  3 deep elf annihilators
  3 rakshasas
  2 deep elf death magi (Vaults:2)
  Snorg (Lair:6)
  An ettin (Depths:1)
  9 merfolk javelineers (Shoals:5)
  An eidolon (Vaults:2)
  6 vault guards
  7 yaktaur captains
  13 merfolk impalers
  A minotaur (Lab)
  3 fire dragons
  5 entropy weavers
  4 great orbs of eyes
  Harold (D:10)
  7 centaur warriors
  Erolcha (D:13)
  An ice dragon (D:15)
  An alligator snapping turtle (Shoals:4)
  9 hydras
  2 merfolk avatars
  2 salamander stormcallers
  4 ogre magi
  3 catoblepae
  2 dancing weapons (D:14)
  8 death yaks
  2 deep troll shamans
  3 merfolk aquamancers (Shoals:5)
  3 satyrs (Shoals:5)
  4 vault sentinels (Vaults:1)
  A tengu warrior (D:14)
  Urug (D:14)
  A hell knight (Vaults:2)
  An iron troll (Depths:1)
  8 skeletal warriors
  10 sea snakes
  2 deep elf knights (Vaults:2)
  A deep elf summoner (Vaults:2)
  4 deep trolls
  4 unseen horrors
  5 hill giants
  A giant orange brain (Vaults:2)
  2 flayed ghosts (D:15)
  A wizard (D:14)
  An ice statue (IceCv)
  A lindwurm (Lair:8)
  A harpy (shapeshifter) (D:15)
  5 orc knights
  29 ugly things
  3 deep elf conjurers
  A hornet (shapeshifter) (D:13)
  2 wolf spider zombies
  13 manticores
  2 necromancers
  5 fauns
  17 orb spiders
  2 ugly thing zombies (D:15)
  5 hornets
  31 wolf spiders
  9 cyclopes
  23 harpies
  A moth of wrath (shapeshifter) (Vaults:2)
  3 oklob plants (Lair:6)
  9 slime creatures
  A frost giant skeleton (D:15)
  2 ironbrand convokers
  5 water nymphs
  9 sirens
  3 orc sorcerers
  6 centaur zombies
  19 griffons
  2 moths of wrath
  Maurice (D:10)
  An octopode (shapeshifter) (Vaults:2)
  2 black mambas (shapeshifter)
  14 elephants
  4 black mambas
  2 torpor snails
  2 spiny frogs (shapeshifter)
  17 spiny frogs
  5 komodo dragons
  A gargoyle (D:14)
  A tengu conjurer (D:14)
  7 fire drakes
  4 kobold demonologists
  A deep elf priest (Vaults:2)
  27 yaktaurs
  10 two-headed ogres
  A hellwing (Vaults:2)
  10 demonic crawlers
  12 freezing wraiths
  8 blink frogs
  An efreet (D:15)
  An entropy weaver zombie (D:15)
  33 jumping spiders
  4 polar bears
  40 merfolk
  A raven (D:14)
  2 wolf spider simulacra (IceCv)
  A trapdoor spider zombie (D:15)
  4 trolls
  14 snapping turtles
  2 wind drakes (Shoals:1)
  A deep troll zombie (D:15)
  A queen bee (Lair:3)
  A hornet zombie (D:14)
  10 water elementals
  3 wraiths
  2 boulder beetles
  79 yaks
  4 deep elf magi
  13 wyverns
  23 trapdoor spiders
  4 deep elf fighters
  A vampire (D:14)
  An elf zombie (D:15)
  18 tarantellas
  2 hogs (Spider:4)
  62 redbacks
  A salamander skeleton (Vaults:2)
  Grum (D:10)
  3 mottled dragons
  12 vampire mosquitoes
  4 basilisks
  A fire elemental (Lair:3)
  17 hippogriffs
  3 soldier ants
  2 human simulacra (Vaults:2)
  3 hell hounds (Lair:6)
  24 wolves
  2 wargs (Vaults:1)
  12 water moccasins
  7 porcupines
  3 black bears
  34 orc warriors
  6 sky beasts
  A wasp (Spider:5)
  A black bear (shapeshifter) (Vaults:1)
  An alligator simulacrum (IceCv)
  4 necrophages
  17 spiders
  An eye of draining (D:12)
  An orc zombie (Vaults:2)
  3 phantoms
  9 ice beasts
  20 centaurs
  2 boring beetles
  28 ogres
  3 big kobolds
  Blork the orc (Orc:4)
  2 yaktaur zombies (Vaults:2)
  21 giant frogs
  A brain worm (D:11)
  9 crocodiles
  A water moccasin zombie (D:10)
  10 scorpions
  28 killer bees
  24 wights
  4 goliath beetles
  13 crimson imps
  16 hounds
  9 electric eels
  2 draconian simulacra (IceCv)
  2 two-headed ogre zombies (Vaults:2)
  2 giant frog zombies
  9 hell rats (Lair:4)
  3 jellies
  2 giant frog skeletons
  21 orc priests
  4 centaur skeletons
  30 orc wizards
  A spriggan simulacrum (IceCv)
  10 iguanas
  A wolf simulacrum (IceCv)
  24 sheep
  12 worker ants
  3 troll simulacra (IceCv)
  3 centaur simulacra
  3 hound zombies
  2 hound skeletons
  A worker ant zombie (D:8)
  21 adders
  7 naga simulacra (IceCv)
  5 ogre simulacra (IceCv)
  93 river rats
  A shadow imp (D:15)
  24 white imps
  2 worms
  3 sheep zombies (Vaults:2)
  A giant gecko (D:5)
  An ooze (D:5)
  175 orcs
  2 ball pythons
  12 bats
  2 bat skeletons
  6 giant cockroaches
  14 goblins
  16 hobgoblins
  19 jackals
  8 quokkas
  6 giant newts
  2 jackal skeletons (D:5)
  A jackal zombie (D:5)
  19 kobolds
  13 rats
  A fungus (Lair:2)
  3 plants
  A tentacle (Shoals:4)
1833 creatures vanquished.

Vanquished Creatures (collateral kills)
  Polyphemus (Shoals:5)
  A spectral weapon (Shoals:3)
  An ettin (Vaults:2)
  A vault guard (Vaults:2)
  A rakshasa (Depths:1)
  A centaur warrior (Depths:1)
  An orc high priest (Orc:4)
  2 skeletal warriors (Vaults:2)
  A deep troll (Depths:1)
  2 ugly things (Vaults:2)
  An ironbrand convoker (Vaults:2)
  An orc knight (Bailey)
  2 fauns (Shoals:4)
  2 merfolk (Shoals:3)
  5 slime creatures (Vaults:2)
  A wraith (Vaults:2)
  A deep elf mage (Vaults:2)
  3 wargs
  6 orc warriors
  An orc priest (Orc:4)
  An orc wizard (Orc:4)
  4 orcs
40 creatures vanquished.

Vanquished Creatures (others)
  21 spectral weapons
  A vault warden (Vaults:2)
  A satyr (Shoals:4)
  A merfolk aquamancer (Shoals:5)
  A salamander stormcaller (Vaults:2)
  A deep troll (Depths:1)
  An unseen horror (Vaults:1)
  An ironbrand convoker (Vaults:2)
  2 cyclopes (Vaults:2)
  2 orc knights
  2 orb spiders (Spider:4)
  4 drowned souls (Shoals:5)
  An orc warrior (Orc:4)
  2 yaktaurs (Vaults:1)
  2 humans (Spider:4)
  2 centaurs (Vaults:1)
  2 orcs
  16 fungi
  5 plants
  3 tentacles (Shoals:4)
  166 tentacle segments (Shoals:4)
237 creatures vanquished.

Grand Total: 2110 creatures vanquished

Notes
Turn   | Place    | Note
--------------------------------------------------------------
     0 | D:1      | BluebellGnoll, the Spriggan Assassin, began the quest for the Orb.
     0 | D:1      | Reached XP level 1. HP: 10/10 MP: 2/2
    20 | D:1      | Reached skill level 6 in Stealth
   233 | D:1      | Reached XP level 2. HP: 12/14 MP: 3/3
   448 | D:1      | Reached skill level 7 in Stealth
   744 | D:2      | Reached XP level 3. HP: 18/18 MP: 4/4
   948 | D:2      | Found a blossoming altar of Fedhas.
  1064 | D:2      | Found a shattered altar of Ashenzari.
  1066 | D:2      | Found a sacrificial altar of Ru.
  1530 | D:2      | Reached XP level 4. HP: 15/22 MP: 5/5
  1702 | D:3      | Noticed an orc warrior
  1729 | D:3      | Killed an orc warrior
  1729 | D:3      | Reached skill level 5 in Short Blades
  1729 | D:3      | Reached XP level 5. HP: 22/25 MP: 6/6
  2404 | D:4      | Noticed haldagan's ghost (experienced HEFi)
  2580 | D:4      | Reached skill level 8 in Stealth
  2582 | D:4      | Found a snail-covered altar of Cheibriados.
  2693 | D:4      | Found a bloodstained altar of Trog.
  2765 | D:4      | Reached XP level 6. HP: 30/30 MP: 7/7
  3037 | D:4      | Found a white marble altar of Elyvilon.
  3145 | D:4      | Reached skill level 9 in Stealth
  3316 | D:5      | Entered Level 5 of the Dungeon
  3523 | D:5      | Reached skill level 10 in Stealth
  3523 | D:5      | Reached XP level 7. HP: 28/33 MP: 6/8
  3801 | D:5      | Reached skill level 11 in Stealth
  4113 | D:5      | Found a stormy altar of Qazlal.
  4113 | D:5      | Noticed an air elemental
  4115 | D:5      | Noticed a fire elemental
  4115 | D:5      | Noticed a water elemental
  4156 | D:5      | Reached skill level 12 in Stealth
  4445 | D:6      | Reached skill level 5 in Dodging
  4521 | D:6      | Reached XP level 8. HP: 37/37 MP: 9/9
  5273 | D:6      | Reached skill level 10 in Dodging
  5355 | D:7      | Found a staircase to the Ecumenical Temple.
  5370 | Temple   | Entered the Ecumenical Temple
  5472 | Temple   | Became a worshipper of Warmaster Okawaru
  5901 | D:7      | Reached XP level 9. HP: 41/41 MP: 10/10
  5934 | D:7      | Found a glowing golden altar of the Shining One.
  6569 | D:8      | Noticed ThorGoll's ghost (experienced OpFE)
  6617 | D:8      | Acquired Okawaru's first power
  7589 | D:8      | Reached skill level 10 in Short Blades
  9009 | D:9      | Reached XP level 10. HP: 45/47 MP: 11/11
  9144 | D:9      | Found a shadowy altar of Dithmenos.
  9324 | D:9      | Found a staircase to the Orcish Mines.
  9717 | D:10     | Entered Level 10 of the Dungeon
  9959 | D:10     | Noticed a hill giant
  9961 | D:10     | Noticed Maurice
 10074 | D:10     | Killed a hill giant
 10189 | D:10     | Reached skill level 5 in Fighting
 10190 | D:10     | Killed Maurice
 10626 | D:10     | Noticed a hill giant
 10678 | D:10     | Killed a hill giant
 10936 | D:10     | Noticed Grum
 10958 | D:10     | Killed Grum
 11205 | D:10     | Reached skill level 13 in Stealth
 11287 | D:10     | Noticed Maud
 11476 | D:10     | Killed Maud
 11476 | D:10     | Reached skill level 14 in Stealth
 11476 | D:10     | Reached XP level 11. HP: 28/58 MP: 12/12
 11517 | D:10     | Noticed Harold
 11538 | D:10     | Killed Harold
 11538 | D:10     | Acquired Okawaru's second power
 11585 | D:10     | Reached skill level 15 in Stealth
 11870 | D:10     | Found a basalt altar of Yredelemnul.
 12450 | D:11     | Reached skill level 16 in Stealth
 12457 | D:11     | Found a staircase to the Lair.
 12587 | D:11     | Received a gift from Okawaru
 12860 | D:11     | Found a shimmering altar of Xom.
 12882 | D:11     | Reached skill level 17 in Stealth
 13703 | D:11     | Reached skill level 5 in Throwing
 14155 | Lair:1   | Entered Level 1 of the Lair of Beasts
 14680 | Lair:1   | Noticed a five-headed hydra
 14742 | Lair:2   | Reached XP level 12. HP: 63/63 MP: 13/13
 14910 | Lair:1   | Killed a five-headed hydra
 15354 | Lair:1   | Received a gift from Okawaru
 15643 | Lair:2   | Noticed hornqvist's ghost (experienced TrFi)
 16377 | Lair:2   | Found a shimmering altar of Xom.
 16833 | Lair:3   | Identified a scroll of acquirement
 16975 | Lair:3   | Received a gift from Okawaru
 16979 | Lair:3   | Got a dazzling quick blade {god gift}
 16980 | Lair:3   | Identified the +8 quick blade "Houhef" {elec, Dex+2} (Okawaru gifted it to you on level 3 of the Lair of Beasts)
 16985 | Lair:3   | Gained mutation: You possess an exceptional clarity of mind. [potion of beneficial mutation]
 17416 | Lair:3   | Noticed Gastronok
 17686 | Lair:3   | Killed Gastronok
 17686 | Lair:3   | Reached skill level 5 in Evocations
 17810 | Lair:3   | Noticed a five-headed hydra
 17817 | Lair:3   | Killed a five-headed hydra
 17976 | Lair:3   | Found a staircase to the Shoals.
 18404 | Lair:4   | Received a gift from Okawaru
 18624 | Lair:4   | Reached XP level 13. HP: 62/69 MP: 20/20
 18757 | Lair:4   | Reached skill level 18 in Stealth
 19100 | Lair:4   | Received a gift from Okawaru
 19371 | Lair:4   | Reached skill level 19 in Stealth
 19604 | Lair:4   | Found a hole to the Spider Nest.
 19975 | Lair:5   | Reached skill level 20 in Stealth
 20639 | Lair:6   | Found a staircase to the Slime Pits.
 20831 | Lair:6   | Noticed Snorg
 20941 | Lair:6   | Killed Snorg
 22031 | Lair:6   | Received a gift from Okawaru
 22081 | Lair:6   | Reached XP level 14. HP: 61/74 MP: 21/21
 22225 | Lair:6   | Reached skill level 15 in Dodging
 22505 | Lair:6   | Received a gift from Okawaru
 23153 | Lair:7   | Found a labyrinth entrance.
 23170 | Lab      | Entered a labyrinth
 23626 | Lab      | Got a translucent falchion
 23779 | Lair:2   | Learned a level 2 spell: Repel Missiles
 25677 | Lair:8   | Entered Level 8 of the Lair of Beasts
 25768 | Lair:8   | Received a gift from Okawaru
 25974 | Lair:8   | Received a gift from Okawaru
 28449 | D:12     | Received a gift from Okawaru
 28595 | D:12     | Identified Tuuliops's Incunabulum of Attacks (You found it on level 12 of the Dungeon)
 29921 | D:13     | Noticed Erolcha
 29978 | D:13     | Killed Erolcha
 30255 | D:13     | Found Coagheza's General Store.
 30264 | D:13     | Bought a potion of heal wounds for 55 gold pieces
 30264 | D:13     | Bought a potion of agility for 44 gold pieces
 30264 | D:13     | Bought a scroll of vulnerability for 82 gold pieces
 30264 | D:13     | Bought a scroll of holy word for 82 gold pieces
 30477 | D:13     | Received a gift from Okawaru
 30477 | D:13     | Reached XP level 15. HP: 79/79 MP: 22/22
 30904 | D:14     | Found a gate to the Vaults.
 31045 | D:14     | Reached skill level 10 in Fighting
 31610 | D:14     | Noticed Frances
 31780 | D:14     | Killed Frances
 31783 | D:14     | Received a gift from Okawaru
 32205 | D:14     | Noticed Urug
 32212 | D:14     | Killed Urug
 33048 | Lair:2   | Learned a level 3 spell: Regeneration
 33223 | Orc:1    | Entered Level 1 of the Orcish Mines
 33229 | Orc:1    | Reached skill level 1 in Charms
 33430 | Orc:2    | Found a flagged portal.
 33464 | Orc:2    | Found Gocwuw's General Store.
 33518 | Bailey   | Entered a bailey
 34021 | Orc:2    | Found a frozen archway.
 34110 | IceCv    | Entered an ice cave
 34285 | IceCv    | Reached skill level 5 in Charms
 34379 | IceCv    | Found an ancient bone altar of Kikubaaqudgha.
 34701 | IceCv    | Received a gift from Okawaru
 35654 | Orc:1    | Found a shimmering altar of Xom.
 36018 | Orc:3    | Found Ricrun's Magic Scroll Shop.
 36025 | Orc:3    | Bought a scroll of magic mapping for 59 gold pieces
 36025 | Orc:3    | Bought 3 scrolls of remove curse for 153 gold pieces
 36025 | Orc:3    | Bought a scroll of identify for 34 gold pieces
 36025 | Orc:3    | Bought a scroll of remove curse for 51 gold pieces
 36025 | Orc:3    | Bought a scroll of recharging for 161 gold pieces
 36025 | Orc:3    | Bought a scroll of recharging for 161 gold pieces
 36031 | Orc:3    | Found a staircase to the Elven Halls.
 36434 | Orc:3    | Found an iron altar of Okawaru.
 36619 | Orc:4    | Entered Level 4 of the Orcish Mines
 36620 | Orc:4    | Received a gift from Okawaru
 36621 | Orc:4    | Got a twisted dagger {god gift}
 36786 | Orc:4    | Found Giur's Magic Scroll Emporium.
 36811 | Orc:4    | Bought a scroll of identify for 28 gold pieces
 36811 | Orc:4    | Bought a scroll of identify for 28 gold pieces
 36811 | Orc:4    | Bought a scroll of remove curse for 42 gold pieces
 36811 | Orc:4    | Bought a scroll of magic mapping for 49 gold pieces
 36811 | Orc:4    | Bought a scroll of remove curse for 42 gold pieces
 36811 | Orc:4    | Bought a scroll of fog for 28 gold pieces
 36811 | Orc:4    | Bought a scroll of teleportation for 42 gold pieces
 36811 | Orc:4    | Bought a scroll of silence for 105 gold pieces
 36811 | Orc:4    | Bought a scroll of immolation for 49 gold pieces
 36947 | D:10     | Noticed a centaur warrior
 37021 | Lair:2   | Identified the +2 dagger of Rucearif {pierce, rF++ Int+6 Stlth+} (Okawaru gifted it to you on level 4 of the Orcish Mines)
 37147 | D:10     | Killed a centaur warrior
 37582 | Orc:4    | Noticed Blork the orc
 37657 | Orc:4    | Killed Blork the orc
 37931 | Orc:4    | Found a roughly hewn altar of Beogh.
 38133 | Orc:4    | Reached skill level 10 in Charms
 38203 | Orc:4    | Found Lehischue's Antique Armour Shop.
 38222 | Orc:4    | Found Tauthrea's Antique Weapon Shop.
 38236 | Orc:4    | Bought a pitted short sword for 200 gold pieces
 38288 | Orc:4    | Found Kaoch's General Store.
 38294 | Orc:4    | Bought a scroll of teleportation for 30 gold pieces
 38294 | Orc:4    | Bought a wand of invisibility (6) for 100 gold pieces
 38537 | Orc:4    | Found Esoumot's Jewellery Shop.
 39153 | Lair:2   | Identified the +3 short sword of Doubt {vamp, +Blink rF++ MP-9 Stlth+} (You bought it in a shop on level 4 of the Orcish Mines)
 39229 | Spider:1 | Entered Level 1 of the Spider Nest
 39274 | Spider:1 | Reached skill level 1 in Spellcasting
 39410 | Spider:1 | Received a gift from Okawaru
 39480 | Spider:1 | Reached XP level 16. HP: 60/88 MP: 23/23
 40312 | Spider:2 | Received a gift from Okawaru
 40348 | Spider:2 | Reached skill level 21 in Stealth
 40567 | Spider:2 | Reached skill level 5 in Spellcasting
 40957 | Spider:2 | Got an ancient flail
 41413 | Lair:4   | Learned a level 5 spell: Silence
 41585 | Spider:3 | Received a gift from Okawaru
 41585 | Spider:3 | Reached skill level 1 in Hexes
 42416 | Spider:3 | Received a gift from Okawaru
 42417 | Spider:3 | Got a twisted robe {god gift}
 42418 | Spider:3 | Identified the +1 robe "Niawkun" {rPois MR- Str+5 Int+3} (Okawaru gifted it to you on level 3 of the Spider Nest)
 42605 | Spider:3 | Reached skill level 5 in Hexes
 42839 | Spider:4 | Noticed oplop's ghost (mighty KoAs)
 43108 | Spider:4 | Upgraded the game from 0.17-a0-484-g0e03f6a to 0.17-a0-528-gc205fd0
 43575 | Spider:4 | Noticed Kirke
 43619 | Spider:4 | Killed Kirke
 44281 | Spider:4 | Killed oplop's ghost
 44550 | Spider:5 | Entered Level 5 of the Spider Nest
 44575 | Spider:5 | Reached XP level 17. HP: 80/93 MP: 31/31
 44648 | Spider:5 | Received a gift from Okawaru
 44663 | Spider:5 | Reached skill level 10 in Hexes
 46735 | Spider:5 | Got a gossamer rune of Zot
 46995 | Spider:5 | Received a gift from Okawaru
 47526 | Lair:2   | Learned a level 3 spell: Spectral Weapon
 47529 | Lair:2   | Learned a level 2 spell: Shroud of Golubria
 47582 | Shoals:1 | Entered Level 1 of the Shoals
 49586 | Shoals:3 | Received a gift from Okawaru
 49586 | Shoals:3 | Reached skill level 10 in Throwing
 49685 | Shoals:3 | Found Summ's Weapon Boutique.
 49721 | Shoals:3 | Bought 12 poisoned needles for 91 gold pieces
 50782 | Shoals:3 | Reached XP level 18. HP: 59/98 MP: 17/32
 51591 | Shoals:4 | Found Gusidus's Magic Scroll Shoppe.
 51654 | Shoals:4 | Bought a scroll of teleportation for 30 gold pieces
 51654 | Shoals:4 | Bought a scroll of teleportation for 30 gold pieces
 51654 | Shoals:4 | Bought a scroll of teleportation for 30 gold pieces
 51654 | Shoals:4 | Bought a scroll of identify for 20 gold pieces
 51654 | Shoals:4 | Bought a scroll of identify for 20 gold pieces
 51654 | Shoals:4 | Bought a scroll of magic mapping for 35 gold pieces
 51654 | Shoals:4 | Bought a scroll of recharging for 95 gold pieces
 51654 | Shoals:4 | Bought a scroll of remove curse for 30 gold pieces
 51995 | Shoals:5 | Entered Level 5 of the Shoals
 52313 | Shoals:5 | Noticed Ilsuiw
 52338 | Shoals:5 | Killed Ilsuiw
 52338 | Shoals:5 | Received a gift from Okawaru
 52833 | Shoals:5 | Got a barnacled rune of Zot
 53737 | Shoals:5 | Received a gift from Okawaru
 53921 | Shoals:5 | Noticed Polyphemus
 53942 | Shoals:5 | Killed Polyphemus
 54747 | Vaults:1 | Entered Level 1 of the Vaults
 55525 | Vaults:1 | Received a gift from Okawaru
 55803 | Vaults:1 | Reached XP level 19. HP: 104/104 MP: 27/33
 55857 | Vaults:1 | Found Dydweohuor's Magic Scroll Boutique.
 55875 | Vaults:1 | Bought a scroll of identify for 40 gold pieces
 55875 | Vaults:1 | Bought a scroll of identify for 40 gold pieces
 55875 | Vaults:1 | Bought a scroll of silence for 150 gold pieces
 55875 | Vaults:1 | Bought a scroll of identify for 40 gold pieces
 55875 | Vaults:1 | Bought a scroll of fog for 40 gold pieces
 55875 | Vaults:1 | Bought a scroll of remove curse for 60 gold pieces
 55875 | Vaults:1 | Bought a scroll of remove curse for 60 gold pieces
 56415 | Vaults:1 | Received a gift from Okawaru
 56676 | D:15     | Entered Level 15 of the Dungeon
 56748 | D:15     | Found a staircase to the Depths.
 57293 | D:15     | Noticed Rupert
 57296 | D:15     | Killed Rupert
 57302 | D:15     | Found a sparkling altar of Nemelex Xobeh.
 57472 | D:15     | Reached skill level 15 in Short Blades
 57664 | Depths:1 | Entered Level 1 of the Depths
 57722 | Depths:1 | Received a gift from Okawaru
 57767 | Depths:1 | Found a gateway to a ziggurat.
 58765 | Vaults:2 | Received a gift from Okawaru
 58846 | Vaults:2 | HP: 5/104 [hell knight/broad axe of flaming (1)]
 58846 | Vaults:2 | HP: 1/104 [hell knight/broad axe of flaming (4)]
 59270 | Vaults:2 | Reached skill level 15 in Hexes
 59309 | Vaults:2 | Found a staircase to the Crypt.
 60020 | Vaults:2 | Reached XP level 20. HP: 96/109 MP: 30/34
 60369 | Vaults:2 | Received a gift from Okawaru
 60767 | Vaults:2 | Received a gift from Okawaru
 61017 | Vaults:2 | Found Jutit's Assorted Antiques.
 61036 | Vaults:2 | Bought a blackened ivory wand for 144 gold pieces
 61036 | Vaults:2 | Bought a wooden wand for 144 gold pieces
 61551 | Vaults:3 | Noticed Mennas
 61693 | Vaults:3 | HP: 2/163 [Mennas/eudemon blade of holy wrath (22)]
 61709 | Vaults:3 | Demolished by Mennas

Action                   |  1- 3 |  4- 6 |  7- 9 | 10-12 | 13-15 | 16-18 | 19-21 || total
-------------------------+-------+-------+-------+-------+-------+-------+-------++-------
Melee: Dagger            |   101 |   135 |   486 |   195 |       |     8 |    25 ||   950
       Short sword       |       |       |       |   571 |       |       |       ||   571
       Quick blade       |       |       |       |   213 |  2193 |  2135 |  1095 ||  5636
       Blowgun           |       |       |       |       |     6 |       |       ||     6
 Fire: Blowgun           |    19 |    26 |    94 |   145 |   113 |   130 |    42 ||   569
Throw: Stone             |       |       |    71 |    16 |    10 |       |       ||    97
       Tomahawk          |       |       |    21 |    32 |    50 |   213 |   100 ||   416
       Throwing net      |       |       |     2 |     1 |       |       |       ||     3
 Cast: Repel Missiles    |       |       |       |       |     4 |     6 |     2 ||    12
       Regeneration      |       |       |       |       |     2 |   130 |    47 ||   179
       Spectral Weapon   |       |       |       |       |       |    57 |    59 ||   116
       Shroud of Golubri |       |       |       |       |       |    44 |    53 ||    97
Invok: Heroism           |       |       |       |     3 |     2 |    13 |     3 ||    21
       Finesse           |       |       |       |       |       |     3 |       ||     3
 Abil: Evoke Flight      |       |       |       |     6 |     2 |    87 |       ||    95
       Evoke Berserk Rag |       |       |       |       |     1 |     3 |     1 ||     5
Evoke: Wand              |       |     2 |     2 |     5 |    10 |    12 |       ||    31
       Rod               |       |       |       |       |     4 |       |       ||     4
       Phial of floods   |       |       |       |       |       |     1 |     1 ||     2
  Use: Scroll            |       |    10 |     9 |    12 |    23 |     9 |     8 ||    71
       Potion            |       |       |       |     6 |     5 |     4 |     5 ||    20
 Stab: Sleeping          |    12 |    10 |    30 |    67 |   152 |    98 |    24 ||   393
       Distracted        |     1 |     1 |     9 |    13 |    35 |    37 |    52 ||   148
       Held in net/web   |       |       |     2 |     1 |       |       |       ||     3
       Invisible         |       |       |       |       |     1 |    24 |       ||    25
       Fleeing           |       |       |       |       |     1 |       |       ||     1
       Paralysed         |       |       |       |       |       |     1 |       ||     1
  Eat: Pizza             |       |       |     1 |     1 |     4 |     1 |     1 ||     8
       Fruit             |       |       |     2 |       |     8 |     2 |       ||    12
       Bread ration      |       |       |     1 |       |       |     6 |     2 ||     9
       Royal jelly       |       |       |       |     5 |     3 |     1 |       ||     9
